cohdb
Replays
Latest Replays
All Replays
Popular Replays
Top Player Replays
Match Explorer
How It Works
Community
CoH3 Stats
Reddit
Sign in to upload your games and track your stats! →
Sign in with Steam
Match 42350065
Unlisted
Match 42350065
Overview
Messages
Build Orders
End
Pioneer Squad
Pioneer Squad
Construct Infanterie Kompanie
Selects Terror Battlegroup
Selects Machine Gun Camouflage
MG 42 Machine Gun Team
Grenadier Squad
Grenadier Squad
Construct Luftwaffe Kompanie
Selects Contempt for the Weak
Medical Bunker
221 Scout Car
Jäger Squad
Jäger Squad
Luftwaffe Officer Quarters
Flak 30 Anti-aircraft Gun Team
Construct Panzer Kompanie
Selects No Quarter
Stoßtruppen Squad
Stoßtruppen Squad
Panzer IV Medium Tank
Stoßtruppen Squad
FloofieDog
Monsieur Nathan
0
0
Comments
sign in to comment!
No comments posted yet!